 Dungeon Crawl Stone Soup version 0.21-a0-274-gc1afaeb (webtiles) character file.

292 Inus the Caller (level 6, -1/35 HPs)
             Began as a Tengu Summoner on Sept 19, 2017.
             Killed from afar by Ijyb (15 damage)
             ... with a wand of lightning (?/15)
             ... on level 4 of the Dungeon.
             The game lasted 00:15:02 (5117 turns).

Inus the Caller (Tengu Summoner)                    Turns: 5117, Time: 00:15:03

Health: -1/35      AC:  4    Str:  8    XL:     6   Next: 33%
Magic:  3/13       EV: 12    Int: 18    God:
Gold:   231        SH:  3    Dex: 14    Spells: 8/14 levels left

rFire    . . .     SeeInvis +   o - +1 spear
rCold    . . .     Gourm    .   (no shield)
rNeg     . . .     Faith    .   a - +0 robe
rPois    .         Spirit   .   (helmet restricted)
rElec    .         Reflect  +   (no cloak)
rCorr    .         Harm     .   (no gloves)
MR       .....                  (boots unavailable)
Stlth    ++........             n - +3 amulet of reflection
HPRegen  0.11/turn              (no ring)
MPRegen  0.13/turn              (no ring)

@: no status effects
A: beak, horns 1, talons 3, yellow scales 1, see invisible, robust 1, able to
fly 1
a: Fly


You were on level 4 of the Dungeon.
You were not hungry.

You visited 1 branch of the dungeon, and saw 4 of its levels.
You also visited: Sewer.

You collected 231 gold pieces.

Inventory:

Hand Weapons
 o - a +1 spear (weapon)
Missiles
 i - 70 arrows
 k - 16 bolts
Armour
 a - a +0 robe (worn)
 g - the +4 scale mail "Usasyih" {Str+6 Int-2, unknown}
   (You found it on level 4 of the Dungeon)

   It affects your strength (+6).
   It affects your intelligence (-2).
Jewellery
 h - an uncursed ring of see invisible
 n - a +3 amulet of reflection (around neck)
 s - an uncursed ring of ice
 t - an uncursed amulet of rage {unknown}
Scrolls
 d - 4 scrolls of identify
 f - a scroll of teleportation
 l - a scroll of magic mapping
 p - a scroll of enchant weapon
 q - a scroll of immolation
 u - a scroll of recharging {unknown}
 w - a scroll of remove curse
Potions
 e - a potion of might {unknown}
 j - 3 potions of flight
 r - a potion of agility
 x - a potion of invisibility {unknown}
Books
 b - a book of Callings

   Spells                             Type                      Level
   a - Summon Small Mammal            Summoning                    1
   b - Call Imp                       Summoning                    2
   c - Call Canine Familiar           Summoning                    3
   d - Summon Guardian Golem          Hexes/Summoning              3
   e - Summon Lightning Spire         Summoning/Air                4
   f - Summon Ice Beast               Ice/Summoning                4
Comestibles
 c - a bread ration
 v - a meat ration


   Skills:
 - Level 2.1 Dodging
 - Level 2.0 Stealth
 + Level 4.5 Spellcasting
 + Level 7.0 Summonings


You had 8 spell levels left.
You knew the following spells:

 Your Spells              Type           Power        Failure   Level  Hunger
a - Summon Small Mammal   Summ           ####         1%          1    None
b - Call Imp              Summ           ####....     1%          2    #......
c - Call Canine Familiar  Summ           ####....     2%          3    ###....


Dungeon Overview and Level Annotations

Branches:
Dungeon (4/15)
 Temple: D:4-7

Altars:
Ashenzari
Ru
The Shining One

Annotations:
D:4 Ijyb


Innate Abilities, Weirdness & Mutations

You have a beak for a mouth.
You have claws for feet.
You can fly.
You have a pair of small horns on your head.
You are partially covered in yellow scales. (AC +2)
You have supernaturally acute eyesight. (SInv)
You are robust. (+10% HP)


Message History

Your rat barely misses Ijyb.
Casting: Summon Small Mammal
Confirm with . or Enter, or press ? or * to list all spells.
Your iron imp hits Ijyb.
Your rat bites Ijyb.
You barely miss Ijyb. You headbutt Ijyb, but do no damage.
Ijyb is heavily wounded.
Your bat closely misses Ijyb. x2
Your hound bites Ijyb but does no damage.
Ijyb hits you but does no damage.
Your rat bites Ijyb but does no damage.
Your hound bites Ijyb but does no damage.
You closely miss Ijyb.
Ijyb is heavily wounded.
Your bat hits Ijyb but does no damage.
Your hound bites Ijyb but does no damage.
Ijyb hits you with a dagger.
You closely miss Ijyb.
Ijyb is heavily wounded.
Your bat hits Ijyb but does no damage.
Your hound bites Ijyb.
Ijyb zaps a wand.
The bolt of lightning hits you! x2
You die...

...#...########................#
...######.....#................#
...#..........#................#
...#..[.......#..........#######
...#..........#).........#....#
...#...##.....'..........'....#
...#...##.....#..........#....#
...#....#.....#..r.5.....#....#
...#....#.....#.@ghb.5...#....#
...#...##.....#...5......#....#
...'...#############.....##O###
...#....# #.....#.b..# ...#....#
#.....#.rh.# ...#....#
#.....#..<.# ...#...##
#.....#....# ...#####
#.#####....# ...# #. #....#


You could see Ijyb, a friendly hound, a friendly iron imp, 2 friendly crimson
imps, a friendly bat and a friendly rat.

Vanquished Creatures
  2 leopard geckos
  2 orcs
  4 giant cockroaches
  8 hobgoblins
  A jackal (D:4)
  2 quokkas
  A ball python (D:1)
  6 bats
  4 frilled lizards
  3 goblins
  6 kobolds
  A rat (D:1)
40 creatures vanquished.

Vanquished Creatures (collateral kills)
  The ghost of Gilihad the Magician, an amateur DrWn (D:4)
  An ogre (D:4)
  A big kobold (Sewer)
  A howler monkey (D:4)
  2 hounds (D:4)
  A centaur skeleton (D:4)
  A worker ant (D:4)
  A hound skeleton (D:4)
  2 adders
  A river rat (Sewer)
  3 worms (D:3)
  A leopard gecko (D:2)
  An orc (D:3)
  2 hobgoblins
  A jackal (D:4)
  5 kobolds
  4 bats
  A frilled lizard (D:4)
  4 goblins
  3 rats
37 creatures vanquished.

Grand Total: 77 creatures vanquished

Notes
Turn   | Place    | Note
-------+----------+-------------------------------------------
     0 | D:1      | Inus the Tengu Summoner began the quest for the Orb.
     0 | D:1      | Reached XP level 1. HP: 10/10 MP: 4/4
    74 | D:1      | Reached skill level 5 in Summonings
   125 | D:1      | Reached XP level 2. HP: 11/15 MP: 6/6
  1116 | D:2      | Learned a level 2 spell: Call Imp
  1163 | D:2      | Reached XP level 3. HP: 14/19 MP: 4/8
  1895 | D:2      | Found a shattered altar of Ashenzari.
  1901 | D:2      | Saw a vision of the Shoals and the Snake Pit.
  1901 | D:2      | Noticed a centaur
  1901 | D:2      | Noticed a merfolk
  1901 | D:2      | Noticed a centaur
  1901 | D:2      | Noticed a centaur
  1901 | D:2      | Noticed a black mamba
  1901 | D:2      | Noticed a black mamba
  1901 | D:2      | Noticed a naga mage
  1901 | D:2      | Noticed a naga mage
  1901 | D:2      | Noticed a mana viper
  1901 | D:2      | Noticed a naga
  1901 | D:2      | Noticed a mana viper
  1901 | D:2      | Noticed a black mamba
  1902 | D:2      | Noticed an anaconda
  1902 | D:2      | Noticed a black mamba
  1903 | D:2      | Noticed a mana viper
  1905 | D:2      | Noticed a merfolk
  1905 | D:2      | Noticed a naga
  1924 | D:2      | Found a glowing golden altar of the Shining One.
  1928 | D:2      | Found a sacrificial altar of Ru.
  2156 | D:2      | Learned a level 3 spell: Call Canine Familiar
  2293 | D:3      | Found a glowing drain.
  2425 | Sewer    | Entered a sewer
  2452 | Sewer    | Reached XP level 4. HP: 24/24 MP: 0/9
  2776 | Sewer    | Noticed a big kobold
  3081 | Sewer    | Killed a big kobold
  3081 | Sewer    | Reached skill level 6 in Summonings
  3120 | Sewer    | Found a white marble altar of Elyvilon.
  3654 | D:4      | Noticed an ogre
  3909 | D:4      | Killed an ogre
  3909 | D:4      | Gained mutation: You can fly. [Tengu growth]
  3909 | D:4      | Reached XP level 5. HP: 28/28 MP: 1/11
  3972 | D:4      | Gained mutation: You are partially covered in yellow scales. (AC +2) [potion of mutation]
  3972 | D:4      | Gained mutation: You are robust. (+10% HP) [potion of mutation]
  3972 | D:4      | Gained mutation: You have a pair of small horns on your head. [potion of mutation]
  3972 | D:4      | Gained mutation: You have supernaturally acute eyesight. (SInv) [potion of mutation]
  4037 | D:4      | HP: 1/30 [poisoned by a worker ant]
  4405 | D:4      | Noticed Ijyb
  4421 | D:4      | Noticed Gilihad's ghost (amateur DrWn)
  4453 | D:4      | Killed Gilihad's ghost
  4453 | D:4      | Reached XP level 6. HP: 16/35 MP: 2/13
  4641 | D:4      | Reached skill level 7 in Summonings
  5082 | D:4      | Got a crude scale mail
  5117 | D:4      | Killed from afar by Ijyb

Vault maps used:
D:1:      saegor_arrival_simple_a, minmay_tetromino_t2
D:2:      minitemple, grunt_ashenzari_visionary
D:3:      cheibrodos_sewer_entry_bend
D:4:      uniq_ijyb
Sewer:    sewer_kobolds

Skill      XL: |  1  2  3  4  5  6 |
---------------+-------------------+-----
Summonings     | 5 6 7 |  7.0
Spellcasting   | 3 4 |  4.5
Dodging        | |  2.1
Stealth        | |  2.0

Action                   |  1- 3 |  4- 6 || total
-------------------------+-------+-------++-------
Melee: Dagger            |    10 |       ||    10
       Unarmed           |     6 |       ||     6
       Kick              |    15 |     8 ||    23
       Hand axe          |    17 |       ||    17
       Peck              |    13 |     4 ||    17
       Short sword       |    64 |    16 ||    80
       Spear             |       |    23 ||    23
       Headbutt          |       |     3 ||     3
 Cast: Summon Small Mamm |    13 |    13 ||    26
       Call Imp          |    14 |    34 ||    48
       Call Canine Famil |       |     6 ||     6
  Use: Scroll            |     4 |    10 ||    14
       Potion            |     3 |     5 ||     8
 Stab: Sleeping          |     3 |     2 ||     5
       Distracted        |     1 |       ||     1
  Eat: Chunk             |     3 |     4 ||     7
       Bread ration      |     1 |     1 ||     2
Armor: Robe              |    27 |     5 ||    32
Dodge: Dodged            |    91 |    37 ||   128
Block: Other             |     1 |     5 ||     6

Table legend:
 A = Spawn XP
 B = Non-spawn XP
 C = Spawn XP percentage of total XP
 D = Spawn monster count
 E = Non-spawn monster count
 F = Spawn count percentage of total count
 G = Total turns spent on level
                    A         B        C        D         E        F      G
               +---------+---------+-------+---------+---------+-------+---------
         Total |       0 |     418 |   0.0 |       0 |      77 |   0.0 |  5117
               +---------+---------+-------+---------+---------+-------+---------
           D:1 |       0 |      28 |   0.0 |       0 |      20 |   0.0 |  1101
           D:2 |       0 |      37 |   0.0 |       0 |      22 |   0.0 |  1056
           D:3 |       0 |      35 |   0.0 |       0 |      13 |   0.0 |   935
           D:4 |       0 |     254 |   0.0 |       0 |      14 |   0.0 |  1282
         Sewer |       0 |      64 |   0.0 |       0 |       8 |   0.0 |   743
               +---------+---------+-------+---------+---------+-------+---------
